 Dungeon Crawl Stone Soup version 0.17-a0-1941-gcc30b76 (webtiles) character file.

827 Kuldar the Thaumaturge (level 7, -5/36 HPs)
             Began as a Deep Elf Wizard on Sept 30, 2015.
             Slain by an unseen horror (10 damage)
             ... on level 5 of the Dungeon.
             The game lasted 00:22:18 (4992 turns).

Kuldar the Thaumaturge (Deep Elf Wizard)            Turns: 4992, Time: 00:22:18

Health: -5/36      AC:  7    Str:  4    XL:     7   Next: 64%
Magic:  3/21       EV: 12    Int: 30    God:
Gold:   142        SH:  0    Dex: 13    Spells: 5 memorised, 12 levels left

rFire  . . .     SeeInvis .     j - +2 dagger (pain)
rCold  . . .     Clarity  .     a - +0 robe
rNeg   . . .     SustAt   .     (no shield)
rPois  .         Gourm    .     b - +0 hat
rElec  .         Spirit   .     (no cloak)
rCorr  .         Warding  .     (no gloves)
rMut   .         Stasis   .     v - +0 pair of boots
MR     .....                    (no amulet)
Stlth  ++........               l - +5 ring of intelligence
                                g - +4 ring of protection

@: not resistant to hostile enchantments, unstealthy
A: no striking features
a: no special abilities


You were on level 5 of the Dungeon.
You were not hungry.

You visited 1 branch of the dungeon, and saw 5 of its levels.
You also visited: Sewer.

You collected 142 gold pieces.

Inventory:

Hand weapons
 j - a +2 dagger of pain (weapon)
 u - a +1 dagger of freezing
Armour
 a - a +0 robe (worn)
 b - a +0 hat (worn)
 v - a +0 pair of boots (worn)
Jewellery
 g - a +4 ring of protection (left hand)
 l - a +5 ring of intelligence (right hand)
Magical devices
 p - a wand of fireball (7)
 y - a wand of teleportation (4)
Scrolls
 e - 5 scrolls of identify
 h - 5 scrolls of remove curse
 q - a scroll of enchant armour {unknown}
Potions
 f - 4 potions of flight
 i - a potion of cure mutation {unknown}
 k - 3 potions of curing {unknown}
 n - a potion of resistance {unknown}
 t - 2 potions of poison {unknown}
 w - a potion of mutation {unknown}
 z - 2 potions of brilliance {unknown}
Books
 c - a book of Minor Magic

   Spells                             Type                      Level
   a - Magic Dart                     Conjuration                  1
   b - Blink                          Translocation                2
   c - Call Imp                       Summoning                    2
   d - Repel Missiles                 Charms/Air                   2
   e - Slow                           Hexes                        2
   f - Conjure Flame                  Conjuration/Fire             3
   g - Mephitic Cloud                 Conjuration/Poison/Air       3
Comestibles
 d - 3 bread rations
 m - a meat ration
 o - 7 fruits
 r - 3 beef jerkies
 s - a slice of pizza


   Skills:
 - Level 2.4 Dodging
 - Level 2.4 Stealth
 * Level 8.7 Spellcasting
 * Level 7.1 Conjurations
   Level 1.1 Summonings
 - Level 1.1 Translocations


You had 12 spell levels left.
You knew the following spells:

 Your Spells              Type           Power        Failure   Level  Hunger
a - Magic Dart            Conj           ####         1%          1    None
b - Blink                 Tloc           N/A          4%          2    None
c - Repel Missiles        Chrm/Air       ##....       8%          2    None
e - Conjure Flame         Conj/Fire      ####....     2%          3    None
h - Mephitic Cloud        Conj/Pois/Air  ####....     4%          3    None


Dungeon Overview and Level Annotations

Branches:
Dungeon (5/15)
 Temple: D:4-7

Altars:
Elyvilon
Qazlal
Trog
Xom

Annotations:
D:3 katie03's ghost, average HaFi
D:5 Hanibal's ghost, experienced KoBe


Message History

Confirm with . or Enter, or press ? or * to list all spells.
Aiming: Conjure Flame
Press: ? - help, Dir - move target cursor You see a ghostly outline there, and the spell fizzles.
Something hits you.
* * * LOW HITPOINT WARNING * * *
Something hits you but does no damage.
Unknown command.
Casting: Conjure Flame
Confirm with . or Enter, or press ? or * to list all spells.
You blink.
Casting: Blink
Confirm with . or Enter, or press ? or * to list all spells.
Aiming: Conjure Flame
Press: ? - help, Dir - move target cursor You see a ghostly outline there, and the spell fizzles.
Something hits you.
* * * LOW HITPOINT WARNING * * *
Something hits you!
You die...

#########
........#
........#
........#
........##########
........##...§...#
........##§#####@#
#................#
#####.####.####..#
# #.........#..#
##########.##.#..#
.................#
..########.##.##.#
......##.......#.#
..###.##.#.#......


There were no monsters in sight!

Vanquished Creatures
  A centaur (D:4)
  3 ogres
  A big kobold (Sewer)
  An orc priest (D:4)
  2 crimson imps (D:5)
  Jessica (D:3)
  2 worker ants (D:4)
  An orc wizard (D:4)
  An iguana (D:4)
  A worker ant zombie (D:5)
  8 adders
  3 gnolls (D:4)
  A river rat (Sewer)
  2 shadow imps (D:5)
  An ooze (D:1)
  A worm (D:2)
  An adder skeleton (D:4)
  3 orcs
  5 bats
  7 goblins
  5 hobgoblins
  3 jackals
  4 quokkas
  4 ball pythons
  6 giant cockroaches
  A giant gecko (D:3)
  4 giant newts
  11 kobolds
  15 rats
99 creatures vanquished.

Vanquished Creatures (others)
  An orc wizard (D:4)
  An orc (D:4)
  A bat (D:3)
3 creatures vanquished.

Grand Total: 102 creatures vanquished

Notes
Turn   | Place    | Note
--------------------------------------------------------------
     0 | D:1      | Kuldar the Deep Elf Wizard began the quest for the Orb.
     0 | D:1      | Reached XP level 1. HP: 10/10 MP: 7/7
   399 | D:1      | Reached XP level 2. HP: 15/15 MP: 2/9
   896 | D:1      | Reached XP level 3. HP: 19/19 MP: 8/10
   963 | D:1      | Learned a level 2 spell: Blink
   966 | D:1      | Learned a level 2 spell: Repel Missiles
   970 | D:1      | Learned a level 3 spell: Mephitic Cloud
  1151 | D:2      | Found a shimmering altar of Xom.
  1467 | D:2      | Reached XP level 4. HP: 17/24 MP: 3/12
  1986 | D:3      | Noticed katie03's ghost (average HaFi)
  2003 | D:3      | Learned a level 3 spell: Conjure Flame
  2141 | D:3      | Reached skill level 5 in Spellcasting
  2611 | D:3      | Noticed Jessica
  2614 | D:3      | Killed Jessica
  2614 | D:3      | Reached XP level 5. HP: 28/28 MP: 8/15
  2792 | D:3      | Found a white marble altar of Elyvilon.
  3077 | D:4      | Noticed a centaur
  3099 | D:4      | Reached skill level 6 in Spellcasting
  3099 | D:4      | Reached skill level 5 in Conjurations
  3116 | D:4      | Noticed an ogre
  3247 | D:4      | Found a stormy altar of Qazlal.
  3310 | D:4      | Found a glowing drain.
  3317 | Sewer    | Entered a sewer
  3382 | Sewer    | Reached XP level 6. HP: 32/32 MP: 7/17
  3402 | Sewer    | Found a glowing silver altar of Zin.
  3609 | D:4      | Noticed an ogre
  3615 | D:4      | Killed an ogre
  3615 | D:4      | Reached skill level 7 in Spellcasting
  4031 | D:4      | Killed an ogre
  4031 | D:4      | Reached XP level 7. HP: 36/36 MP: 8/20
  4128 | D:4      | Killed a centaur
  4128 | D:4      | Reached skill level 8 in Spellcasting
  4467 | D:5      | Entered Level 5 of the Dungeon
  4507 | D:5      | Noticed Hanibal's ghost (experienced KoBe)
  4649 | D:5      | Found a bloodstained altar of Trog.
  4992 | D:5      | Slain by an unseen horror

Vault maps used:
D:1:      onia_arrival_larder
D:2:      first_bread, st_stairs_14, xom_teletrap_fun
D:3:      elyvilon_altar_4, uniq_jessica
D:4:      nicolae_overflow_crystal_walls, lightli_sewer_entry_pipes,
          minmay_joined_circles
D:5:      mumra_celtic_spiral_tile, kennysheep_mini,
          minmay_temple_entry_enclosed_plants, uniq_sigmund
Sewer:    sewer_kobolds

Action                   |  1- 3 |  4- 6 |  7- 9 || total
-------------------------+-------+-------+-------++-------
Melee: Unarmed           |       |     1 |       ||     1
       Dagger            |       |     3 |     7 ||    10
 Cast: Magic Dart        |   112 |   129 |    73 ||   314
       Repel Missiles    |     1 |       |       ||     1
       Conjure Flame     |       |    11 |     5 ||    16
       Blink             |       |     3 |     3 ||     6
       Mephitic Cloud    |       |     6 |     3 ||     9
  Use: Scroll            |       |     7 |       ||     7
       Potion            |       |     1 |       ||     1
  Eat: Chunk             |     1 |     8 |     3 ||    12
